 Dungeon Sprint DCSS version 0.23.1 (webtiles) character file.

Game seed: 1295044728346677145

3567 nuthulu the Blocker (level 9, -7/102 HPs)
             Began as a Minotaur Fighter on Mar 5, 2019.
             Was a High Priest of Qazlal.
             Mangled by an orc warrior
             ... wielding a +0 halberd
              (13 damage)
             ... in the Dungeon (Sprint III: "The Ten Rune Challenge").
             The game lasted 00:03:50 (2000 turns).

nuthulu the Blocker (Minotaur Fighter)              Turns: 2000, Time: 00:03:51

Health: -7/102     AC:  9    Str: 26    XL:     9   Next: 84%
Magic:  12/12      EV: 10    Int:  5    God:    Qazlal [*****.]
Gold:   46         SH: 19    Dex: 10    Spells: 8/8 levels left

rFire    . . .     SeeInvis .   a - +0 war axe
rCold    . . .     Gourm    .   c - +0 shield
rNeg     . . .     Faith    .   b - +0 scale mail
rPois    .         Spirit   .   (helmet restricted)
rElec    .         Reflect  .   (no cloak)
rCorr    .         Harm     .   (no gloves)
MR       +....     NoTele   +   (no boots)
Stlth    ..........             (no amulet)
HPRegen  0.27/turn              (no ring)
MPRegen  0.13/turn              (no ring)

@: repel missiles
A: retaliatory headbutt, horns 2, magic resistance 1, robust 1, screaming 1,
strong 1
a: Upheaval, Elemental Force, Disaster Area, Renounce Religion


You were in the Dungeon.
You worshipped Qazlal.
Qazlal was extremely pleased with you.
You were not hungry.

You visited 1 branch You collected 46 gold pieces.

Inventory:

Hand Weapons
 a - a +0 war axe (weapon)
Armour
 b - a +0 scale mail (worn)
 c - a +0 shield (worn)
Scrolls
 k - a scroll of blinking
 m - a scroll of holy word
 o - 4 scrolls of remove curse
 p - a scroll of torment {unknown}
Potions
 d - a potion of might
 e - a potion of curing
 g - a potion of heal wounds
 h - a potion of haste
 i - 2 potions of magic
 j - a potion of berserk rage
 l - a potion of lignification {unknown}
 n - 3 potions of mutation
 q - a potion of flight
Comestibles
 f - 3 rations


   Skills:
 + Level 13.3 Fighting
 + Level 13.1 Axes
 + Level 13.3 Armour
 + Level 13.3 Shields
 + Level 5.9 Invocations


You had 8 spell levels left.
You didn't know any spells.
Your spell library contained the following spells:

 Spells                   Type           Power        Failure   Level  Hunger
 Magic Dart               Conj           #...         77%         1    ##.....
 Blink                    Tloc           N/A          88%         2    ###....
 Call Imp                 Summ           #.......     88%         2    ###....
 Slow                     Hex            #.......     88%         2    ###....
 Conjure Flame            Conj/Fire      #.......     98%         3    ####...
 Mephitic Cloud           Conj/Pois/Air  #.......     98%         3    ####...


Dungeon Overview and Level Annotations

Branches:
Dungeon (1/1)

Altars:
Cheibriados
Dithmenos
Elyvilon
Fedhas
Gozag
Hepliaklqana
Kikubaaqudgha
Makhleb
Nemelex Xobeh
Okawaru
Qazlal
Ru
Sif Muna
Trog
Uskayaw
Vehumet
Wu Jian
Xom
Yredelemnul
Zin
The Shining One
Beogh
Jiyva
Lugonu


Innate Abilities, Weirdness & Mutations

You reflexively headbutt those who attack you in melee.
You have a pair of horns on your head.
You are resistant to hostile enchantments. (MR+)
You are robust. (+10% HP)
You occasionally shout uncontrollably at your foes.
Your muscles are strong. (Str +2)


Message History

The orc priest looks satisfied for a moment.
Unknown command.
You shout at the orc wizard!
An orc wizard comes into view. It is wielding a +0 dagger.
The orc wizard shouts!
You block the orc warrior's attack. x2
There is an open door to the Orcish Mines, spattered with blood here.
Items here: $ )) [[[ † You hit the orc warrior but do no damage.
You block the orc warrior's attack.
You hit the orc warrior. Your headbutt misses the orc warrior.
The orc warrior is lightly wounded.
You block the orc warrior's attack. x2
Unknown command.
You fail to use your ability.
The orc priest invokes the aid of Beogh against you.
Beogh smites you!
* * * LOW HITPOINT WARNING * * *
The orc warrior hits you with a +0 halberd!
You die...

▓▓▓ ##.#############$#$$##
##..#___#___#__#$#..#$
.#..#.).#__.#._#$....
.#..###'#'###)##oo..
+#..#..........#ooo
#...+.⌠........#oo
#...#...######+#o#
....#.⌠.#__#...#@##############
....#...#__#...#)...#.#.#.....#
....#'###__#..)##.#..#.##.###.#
....#)).#__#...'##.#.#.##)#.)##.^
....#___#__+...#)..#..#..##.)+.^.
▓▓▓▓▓▓▓▓▓▓▓▓▓▓▓▓▓▓▓▓▓▓▓▓▓▓▓▓▓#.^.
... .. ..


You could see 2 orc warriors, 2 orc priests, an orc wizard and 3 orcs.

Vanquished Creatures
  Erolcha (D)
  An orc knight (D)
  A deep elf mage (D)
  2 redbacks (D)
  A shadow (D)
  A spatial vortex (D)
  2 orc warriors (D)
  A necrophage (D)
  5 two-headed ogres (D)
  A water elemental (D)
  A wizard (D)
  A jelly (D)
  An orc wizard (D)
  A necromancer (D)
  3 humans (D)
  A kobold demonologist (D)
  2 oozes (D)
  A phantom (D)
  3 orcs (D)
  2 rats (D)
32 creatures vanquished.

Vanquished Creatures (others)
  2 draconian scorchers (D)
  6 hellions (D)
  3 yaktaurs (D)
  2 plants (D)
13 creatures vanquished.

Grand Total: 45 creatures vanquished

Notes
Turn   | Place    | Note
-------+----------+-------------------------------------------
     0 | D        | nuthulu the Minotaur Fighter began the quest for the Orb.
     0 | D        | Reached XP level 1. HP: 19/19 MP: 0/0
    13 | D        | Reached XP level 2. HP: 26/28 MP: 1/1
    71 | D        | Reached skill level 5 in Fighting
    71 | D        | Reached skill level 5 in Armour
    71 | D        | Reached skill level 5 in Shields
    71 | D        | Reached XP level 3. HP: 26/36 MP: 2/2
    95 | D        | Killed a hellion
   121 | D        | Killed a hellion
   135 | D        | Killed a white draconian scorcher
   145 | D        | Gained mutation: You are agile. (Dex +2) [potion of
                  | mutation]
   145 | D        | Gained mutation: Armour fits poorly on your strangely
                  | shaped body. [potion of mutation]
   145 | D        | Gained mutation: You are very agile. (Dex +4) [potion of
                  | mutation]
   146 | D        | Lost mutation: Armour fits poorly on your strangely shaped
                  | body. [potion of mutation]
   146 | D        | Lost mutation: You are very agile. (Dex +4) [potion of
                  | mutation]
   146 | D        | Lost mutation: You are agile. (Dex +2) [potion of mutation]
   146 | D        | Gained mutation: You are resistant to hostile enchantments.
                  | (MR+) [potion of mutation]
   146 | D        | Gained mutation: You occasionally shout uncontrollably at
                  | your foes. [potion of mutation]
   146 | D        | Gained mutation: You are weak. (Str -2) [potion of
                  | mutation]
   146 | D        | Gained mutation: Your spells are a little harder to cast,
                  | but a little more powerful. [potion of mutation]
   147 | D        | Lost mutation: You are weak. (Str -2) [potion of mutation]
   147 | D        | Lost mutation: Your spells are a little harder to cast, but
                  | a little more powerful. [potion of mutation]
   147 | D        | Gained mutation: You are robust. (+10% HP) [potion of
                  | mutation]
   147 | D        | Gained mutation: You are weak. (Str -2) [potion of
                  | mutation]
   147 | D        | Lost mutation: You are weak. (Str -2) [potion of mutation]
   147 | D        | Gained mutation: Your muscles are strong. (Str +2) [potion
                  | of mutation]
   150 | D        | Killed a hellion
   176 | D        | Noticed a water elemental
   185 | D        | Killed a water elemental
   185 | D        | Reached skill level 5 in Axes
   185 | D        | Reached XP level 4. HP: 9/48 MP: 3/3
   193 | D        | Killed a white draconian scorcher
   270 | D        | Killed a hellion
   275 | D        | Killed a hellion
   303 | D        | Killed a yaktaur
   319 | D        | Killed a yaktaur
   349 | D        | Killed a hellion
   402 | D        | Noticed a shadow
   408 | D        | Killed a shadow
   408 | D        | Reached XP level 5. HP: 31/58 MP: 4/4
   525 | D        | Found a blossoming altar of Fedhas.
   525 | D        | Found a stormy altar of Qazlal.
   525 | D        | Found a snail-covered altar of Cheibriados.
   525 | D        | Found a burning altar of Makhleb.
   525 | D        | Found a shimmering altar of Xom.
   525 | D        | Noticed a spatial vortex
   527 | D        | Found a hazy altar of Hepliaklqana.
   527 | D        | Found an opulent altar of Gozag.
   527 | D        | Found a sparkling altar of Nemelex Xobeh.
   527 | D        | Found a corrupted altar of Lugonu.
   527 | D        | Found a viscous altar of Jiyva.
   544 | D        | Killed a spatial vortex
   544 | D        | Reached XP level 6. HP: 25/69 MP: 5/5
   548 | D        | Became a worshipper of Qazlal Stormbringer
   711 | D        | Found a basalt altar of Yredelemnul.
   711 | D        | Found a shadowy altar of Dithmenos.
   711 | D        | Found a sacrificial altar of Ru.
   814 | D        | Found a radiant altar of Vehumet.
   814 | D        | Found a deep blue altar of Sif Muna.
   814 | D        | Found an ancient bone altar of Kikubaaqudgha.
   817 | D        | Reached * piety under Qazlal
   817 | D        | Reached XP level 7. HP: 70/78 MP: 6/6
   850 | D        | Found a glowing silver altar of Zin.
   850 | D        | Found a glowing golden altar of the Shining One.
   850 | D        | Found a white marble altar of Elyvilon.
   851 | D        | Noticed a deep elf mage
   863 | D        | Killed a deep elf mage
   863 | D        | Reached skill level 10 in Fighting
   863 | D        | Reached skill level 10 in Axes
   863 | D        | Reached skill level 10 in Armour
   863 | D        | Reached skill level 10 in Shields
   966 | D        | Found a hide-covered altar of Uskayaw.
   966 | D        | Found a roughly hewn altar of Beogh.
   966 | D        | Found an iron altar of Okawaru.
   966 | D        | Found a bloodstained altar of Trog.
   966 | D        | Found an ornate altar of the Wu Jian Council.
   966 | D        | Noticed a human
   966 | D        | Noticed a human
   975 | D        | Killed a human
   975 | D        | Reached ** piety under Qazlal
   975 | D        | Reached XP level 8. HP: 56/90 MP: 7/7
  1200 | D        | Killed a yaktaur
  1518 | D        | Noticed a two-headed ogre
  1525 | D        | Killed a two-headed ogre
  1525 | D        | Reached *** piety under Qazlal
  1769 | D        | Noticed a two-headed ogre
  1769 | D        | Noticed Erolcha
  1788 | D        | Killed a two-headed ogre
  1793 | D        | Reached XP level 9. HP: 58/100 MP: 8/10
  1800 | D        | Killed Erolcha
  1800 | D        | Reached **** piety under Qazlal
  1800 | D        | Reached skill level 5 in Invocations
  1963 | D        | Noticed an orc knight
  1986 | D        | Killed an orc knight
  1996 | D        | Reached ***** piety under Qazlal
  2000 | D        | Mangled by an orc warrior

Skill      XL: |  1  2  3  4  5  6  7  8  9 |
---------------+----------------------------+-----
Fighting       | 4 5 6 8 9 11 12 13 | 13.3
Axes           | 3 4 5 7 8 9 10 12 13 | 13.1
Armour         | 4 5 6 8 9 11 12 13 | 13.3
Shields        | 4 5 6 8 9 11 12 13 | 13.3
Invocations    | 3 5 |  5.9

Action                   |  1- 3 |  4- 6 |  7- 9 || total
-------------------------+-------+-------+-------++-------
Melee: War axe           |    34 |    22 |   110 ||   166
       Headbutt          |     5 |     7 |    26 ||    38
  Use: Potion            |     3 |       |     2 ||     5
       Scroll            |     2 |       |       ||     2
  Eat: Ration            |       |       |     1 ||     1
       Chunk             |       |       |     1 ||     1
Armor: Scale mail        |     4 |     6 |    10 ||    20
Dodge: Dodged            |    11 |     4 |    25 ||    40
Block: Shield            |    22 |     8 |    74 ||   104
